[Event "CCT Airthings Masters Play-In 2023"]
[Site "Online"]
[Date "2023.02.03"]
[Round "4"]
[White "adotand"]
[Black "vi_pranav"]
[Result "0-1"]
[ECO "A60"]
[WhiteElo "2386"]
[BlackElo "2553"]
[Annotator "TA"]
[PlyCount "180"]
[EventDate "2023.02.03"]
[EventType "swiss"]
[EventCountry "NET"]
[SourceTitle "playchess.com"]
[Source "ChessBase"]
[SourceQuality "1"]
[TimeControl "600+2"]

1. d4 Nf6 2. c4 e6 3. g3 c5 4. d5 exd5 5. cxd5 b5 {[%emt 0:00:00] [#]} 6. e4 $1 {[%emt 0:00:01] A60: Modern Benoni: Early Divergences.} Nxe4 7. Bg2 Nd6 8. Bf4 {[%emt 0:00:01][%mdl 1024] White has compensation. White is slightly better.} Be7 9. Nf3 O-O 10. O-O Re8 $5 {[%emt 0:00:01][%mdl 4] Exploring less charted territory.} 11. Re1 Bf8 (11... Na6 $11) 12. Nc3 b4 13. Na4 Na6 14. Rc1 {[%emt 0:00:39] [#]} Bb7 $146 ({Predecessor:} 14... Rxe1+ 15. Qxe1 Qa5 16. b3 Bb7 17. Ne5 Re8 18. Qd1 Qd8 19. Nxc5 Nxc5 20. Rxc5 g5 21. Bxg5 Qxg5 22. Nxd7 {0-1 Ivanisevic,I (2550)-Pranav,V (2481) Titled Tuesday intern op 24th May Late blitz 2022 (9)}) 15. Nxc5 Nxc5 16. Rxc5 Qb6 17. Rc1 Rxe1+ 18. Nxe1 Re8 19. Nf3 Ne4 20. Be3 Bc5 21. Bxc5 Nxc5 22. Qd4 d6 23. Re1 Rxe1+ 24. Nxe1 Qa5 25. Qf4 {[%emt 0:00:14] [#]} (25. h4 $11) 25... b3 (25... Qxa2 $2 26. Qxd6 g6 27. Qxc5 $18) ({Black should try} 25... h6 $1 $17 {White must now prevent ...b3.} 26. Nf3 (26. Qxd6 $2 b3 $19 {[%mdl 64] Discovered Attack}) 26... Qxa2 27. Qxd6 Qxd5 28. Qb8+ Kh7) 26. Qe3 $11 Kf8 {[%emt 0:01:05] Wards off Qe8+} 27. axb3 Ba6 28. h4 Qa1 29. Kh2 {[%emt 0:00:07] b4 is the strong threat.} Qxb2 30. Qf4 Ke7 31. b4 Nd7 {[%emt 0:00:04] Active counter play!} 32. Qe3+ Qe5 33. Nc2 (33. Be4 $11 f5 34. Bxf5) 33... Qxe3 $15 34. Nxe3 {[%emt 0:00:00][%mdl 4096] Endgame KBN-KBN} g6 {[%emt 0:00:01] Inhibits Nf5+.} 35. g4 Ne5 {[%emt 0:00:03] White should prevent ...Nd3.} 36. Kg3 Nd3 37. Nc2 Bc4 (37... Bb5 $5 ) 38. Be4 Nc1 39. Nd4 a6 40. Kf3 Na2 41. Nc6+ Kd7 42. Ke3 $1 Bb5 43. Kd4 Nc1 44. Na7 Be2 45. g5 Bf1 46. Nc6 Ne2+ 47. Ke3 Nc3 48. Bf3 {[%emt 0:00:01] Repels Nd1+} Bb5 49. Kd4 Na2 50. Be4 Nc1 51. Na7 Bf1 52. Bf3 ({White should play} 52. Kc3 $11) 52... Nd3 53. Nc6 Nxf2 54. Ke3 Nd3 55. Nb8+ Kc8 56. Nxa6 Ne5 57. Be2 (57. b5 $17 {nothing else works.}) 57... Bxe2 $19 58. Kxe2 {[%emt 0:00:00] KN-KN} Kb7 59. b5 Kb6 60. Ke3 Kxb5 61. Nc7+ Kc5 {[%emt 0:00:03] ...Kc4 would be deadly.} 62. Ke4 {[%emt 0:00:03] [#]} Nd7 $2 (62... Ng4 $1 $19 {Strongly threatening ...Ne5.} 63. Na6+ Kc4) 63. Ne8 $15 Nb6 $1 64. Nf6 Kc4 {[%emt 0:00:00] And now ...Kc5 would win.} 65. Ne8 Kc5 ({Don't play} 65... Nxd5 66. Nxd6+ Kc5 67. Nxf7 $11) (65... Nc8 $1 $15 66. Nf6 Ne7) 66. Nf6 $11 Na4 {[%emt 0:00:00] Hoping for ...Nc3+.} 67. Kd3 $1 {[%emt 0:00:10] Repels Nc3} Nb2+ 68. Ke4 Nd1 69. Kd3 Nb2+ 70. Ke4 Nc4 71. Nxh7 Nd2+ (71... Ne5 $5 72. Nf6 $8 Kc4 $11) 72. Ke3 Nb1 73. Nf6 Nc3 74. Ng4 (74. Kf3 $11) 74... Kxd5 $17 {[%emt 0:00:03] Black keeps a firm grip on the game.} ({Of course not} 74... Nxd5+ $6 75. Kf3 $11) 75. Nh6 Ke6 76. Ng4 Nd5+ 77. Ke4 $2 (77. Kf3 $17) 77... Ne7 $2 (77... f5+ {mates} 78. gxf6 Nxf6+ 79. Kf3 Nxg4 80. Ke4 Nf6+ 81. Kf4 d5 82. Kf3 d4 83. Ke2 Kf5 84. Kd3 Ke5 85. Kc4 Ke4 86. Kb4 d3 87. Kc3 Ke3 88. Kb3 d2 89. Kc2 Nd5 90. h5 gxh5 91. Kd1 Nc3+ 92. Kc2 d1=Q+ 93. Kxc3 Qa4 94. Kb2 Kd3 95. Kb1 Kc3 96. Kc1 Qc2#) 78. Kf4 $2 (78. Ne3 $17 {is a better chance.}) 78... Nf5 $19 79. h5 $2 (79. Nf6 Nxh4 80. Kg4) 79... gxh5 80. Nf6 h4 81. Kg4 d5 {[%emt 0:00:03][%cal Bd6d5,Bd5d4][%mdl 32] aiming for ...Ke5.} 82. Nh5 d4 {[%emt 0:00:03] Threatens to win with ...Ke5.} 83. Nf4+ Ke5 {[%emt 0:00:00] ( -> ...Ke4)} 84. Nd3+ Ke4 {[%emt 0:00:02] Black mates.} 85. Nc5+ Ke3 86. Kxf5 h3 87. Kf6 h2 88. Kxf7 h1=Q ({Inferior is} 88... h1=R 89. g6 $11) 89. g6 Qd5+ 90. Ne6 Qf5+ {[%emt 0:00:03] Weighted Error Value: White=0.17 (very precise) /Black=0.06 (flawless)} 0-1

[Event "CCT Airthings Masters Play-In 2023"]
[Site "Online"]
[Date "2023.02.03"]
[Round "4"]
[White "kpio91"]
[Black "GMBenjaminBok"]
[Result "1/2-1/2"]
[ECO "B51"]
[WhiteElo "2364"]
[BlackElo "2579"]
[Annotator "NA"]
[PlyCount "177"]
[EventDate "2023.02.03"]
[EventType "swiss"]
[EventCountry "NET"]
[SourceTitle "playchess.com"]
[Source "ChessBase"]
[SourceQuality "1"]
[TimeControl "600+2"]

1. e4 c5 2. Nf3 d6 3. Bb5+ Nd7 4. d4 cxd4 5. Qxd4 a6 6. Be2 Ngf6 7. c4 g6 8. O-O Bg7 9. Nc3 O-O 10. Qe3 Ng4 11. Qd2 Nde5 12. b3 Nxf3+ 13. Bxf3 Ne5 14. Be2 Bd7 15. Bb2 Qa5 16. Rad1 Rfe8 17. a3 Rac8 18. h3 Qb6 19. Qc2 Qa7 20. a4 Nc6 21. Nd5 Nd4 22. Qd3 Nf3+ 23. Qxf3 Bxb2 24. a5 Bc6 25. Nb6 Rcd8 26. Qe3 e5 27. Bf3 Ba3 28. h4 Bc5 29. Qg5 Bxb6 30. axb6 Qxb6 31. Rd3 Kg7 32. h5 h6 33. Qd2 g5 34. Rd1 a5 35. Qe2 Qc5 36. Bg4 b5 37. Bf5 bxc4 38. bxc4 a4 39. Qd2 a3 40. Rg3 f6 41. Ra1 Ra8 42. Rd3 Red8 43. Qc1 a2 44. Rd2 Rdb8 45. Rdxa2 Rxa2 46. Rxa2 Rb7 47. g3 Qd4 48. Qe1 Qxc4 49. Rd2 Qc5 50. Qd1 Rb4 51. Rxd6 Rd4 52. Rxd4 exd4 53. Qb3 Qe5 54. Qb6 Bxe4 55. Qa7+ Kf8 56. Bg6 Bxg6 57. hxg6 Qe1+ 58. Kg2 Qe4+ 59. Kg1 Qxg6 60. Qc5+ Kg7 61. Qxd4 h5 62. Kg2 Qf7 63. Qe4 Qd7 64. Kg1 Qd1+ 65. Kg2 Qd6 66. Qb7+ Kg6 67. Qa8 Qe6 68. Kg1 Qe1+ 69. Kg2 Qe6 70. Kg1 f5 71. Qa1 h4 72. gxh4 gxh4 73. Qc3 Qe4 74. Kh2 Qf4+ 75. Kg2 Qg4+ 76. Kh2 Qf4+ 77. Kg2 Qe4+ 78. Kh2 Qe2 79. Qc6+ Kh5 80. Qc5 Qf3 81. Qd4 h3 82. Qh8+ Kg6 83. Qg8+ Kf6 84. Qf8+ Ke5 85. Qc5+ Ke6 86. Qc8+ Kf6 87. Qf8+ Kg6 88. Qg8+ Kf6 89. Qf8+ 1/2-1/2

[Event "CCT Airthings Masters Play-In 2023"]
[Site "Online"]
[Date "2023.02.03"]
[Round "4"]
[White "hissha"]
[Black "severomorskij"]
[Result "0-1"]
[ECO "B30"]
[WhiteElo "2283"]
[BlackElo "2491"]
[Annotator "TA"]
[PlyCount "108"]
[EventDate "2023.02.03"]
[EventType "swiss"]
[EventCountry "NET"]
[SourceTitle "playchess.com"]
[Source "ChessBase"]
[SourceQuality "1"]
[TimeControl "600+2"]

1. e4 c5 2. Nf3 Nc6 3. Bb5 e6 4. O-O Nge7 5. Re1 Ng6 6. c3 d5 7. exd5 {[%emt 0:00:10] B30: Sicilian: 2...Nc6 3 Bb5, lines without ...g6.} Qxd5 8. d4 (8. Qb3 $5 Be7 9. Qxd5 exd5 10. d4 $11) 8... cxd4 9. Nxd4 {[%emt 0:00:52] The position is equal.} Bd7 10. Bf1 Be7 11. Nb5 {[%emt 0:00:18] And now Nc7+ would win.} Qxd1 $1 12. Rxd1 {[%emt 0:00:05] Black must now prevent Nc7+.} O-O-O {[%emt 0:00:08] [#] Inhibits Nc7.} 13. Be3 $146 ({Predecessor:} 13. N1a3 Kb8 14. Be3 e5 15. Nc4 Be6 16. a4 f5 17. f3 Rxd1 18. Rxd1 a6 19. Nba3 {½-½ Vazquez,G (2524)-Hernandez Guerrero,G (2557) Montevideo Duchamp Cup 4th 2020 (5)}) 13... a6 (13... Kb8 $1 $11 {feels stronger.}) 14. Nd6+ $14 Bxd6 15. Rxd6 Kc7 {[%emt 0:00:22] Prevents Bb6+.} 16. Rd1 Nce7 17. Nd2 Nf5 18. Nc4 {[%emt 0:00:32] Bb6+ is the strong threat.} Nxe3 19. Nxe3 Bc6 20. f3 h5 21. Kf2 h4 22. Nc4 f6 23. Na5 Nf4 24. Nxc6 Kxc6 25. g3 Nd5 26. Bg2 Kc7 27. f4 Nb6 28. b3 Nc8 29. Rxd8 Rxd8 $11 {[%emt 0:00:00][%mdl 4096] Endgame KRB-KRN} 30. Ke2 {[%emt 0:00:07] Inhibits Rd2+.} Ne7 31. Rd1 (31. Bf3 $11 {remains equal.}) 31... Rxd1 $17 {[%emt 0:00:04] Black keeps a firm grip on the game.} 32. Kxd1 hxg3 33. hxg3 {[%emt 0:00:05] KB-KN} Nf5 {[%emt 0:00:01] Hoping for ...Ne3+.} 34. Bh3 (34. Kd2 $17 {keeps fighting.}) 34... Nxg3 $19 {[%emt 0:00:06] ...f5 would be deadly.} 35. Bxe6 {[%emt 0:00:05] [#]} Nh5 $1 36. f5 Nf4 {[%emt 0:00:02] Strongly threatening ...Nxe6.} 37. Bg8 {[%emt 0:00:27] [#]} (37. Bf7 $142) 37... Kd6 $1 38. Kd2 Ke5 39. Bh7 Nd5 40. c4 Ne7 41. Kc3 (41. Ke2 {was necessary.}) 41... Nxf5 42. Kb4 (42. Kd3 $142 g5 43. Bg8) 42... g5 {[%emt 0:00:07] ( -> ...g4)} 43. Kc5 g4 {[%emt 0:00:06] Black mates.} 44. Bg8 Ne7 45. Bd5 Nxd5 46. cxd5 {[%emt 0:00:00] KP-KP} g3 47. d6 Ke6 48. Kb6 Kxd6 49. Kxb7 g2 50. Kxa6 g1=Q 51. a4 Kc7 52. Kb5 f5 53. b4 f4 54. Kc4 f3 {[%emt 0:00:00] Weighted Error Value: White=0.33/Black=0.05 (flawless)} 0-1

[Event "CCT Airthings Masters Play-In 2023"]
[Site "Online"]
[Date "2023.02.03"]
[Round "4"]
[White "SharapovEvgeny"]
[Black "Vidit, Santosh Gujrathi"]
[Result "0-1"]
[ECO "B33"]
[WhiteElo "2268"]
[BlackElo "2730"]
[Annotator "TA"]
[PlyCount "120"]
[EventDate "2023.02.03"]
[EventType "swiss"]
[EventCountry "NET"]
[SourceTitle "playchess.com"]
[Source "ChessBase"]
[SourceQuality "1"]
[TimeControl "600+2"]

1. e4 c5 2. Nf3 e6 3. d4 cxd4 4. Nxd4 Nf6 5. Nc3 Nc6 6. Ndb5 d6 7. Bf4 e5 8. Bg5 a6 9. Na3 b5 10. Nd5 Be7 11. Bxf6 Bxf6 12. c3 Bg5 {[%emt 0:00:08] 12...Rb8 is a critical line.} 13. Nc2 Rb8 14. a3 a5 {[%emt 0:00:15] B33: Sicilian: Pelikan and Sveshnikov Variations.} 15. g3 O-O 16. Bg2 Be6 {[%emt 0:00:12] The position is equal.} 17. O-O Ne7 18. Nce3 {[%emt 0:00:08] [#]} Nxd5 $146 ({Predecessor:} 18... Bxe3 19. Nxe3 Qb6 20. Kh1 b4 21. axb4 axb4 22. Qd2 bxc3 23. bxc3 Rfd8 24. f4 f6 25. fxe5 dxe5 {0-1 Gschnitzer,A (2404)-Gukesh,D (2563) Titled Tuesday intern op 5th May blitz 2020 (1)}) 19. Nxd5 g6 20. f4 exf4 21. gxf4 Bh6 22. f5 Bxd5 23. Qxd5 Qh4 24. Qxd6 Rfd8 25. Qg3 Qxg3 26. hxg3 Rd2 27. Rab1 Rbd8 28. Bf3 (28. Rf3 $11) 28... R8d3 $15 {[%emt 0:00:54][%mdl 1024] Black has compensation.} 29. f6 Bg5 {[%emt 0:01:00][%cal Oh7h5] Black is more active.} (29... Be3+ $5 30. Kh1 Bf2 $15) 30. e5 h5 31. Rbe1 Kf8 32. Rf2 Re3 33. Rd1 (33. Kf1 $11 Rdd3 34. Bc6) 33... Rxd1+ $17 34. Bxd1 Rxg3+ {[%emt 0:00:08][%mdl 4096] Endgame KRB-KRB} 35. Kf1 h4 36. Rg2 Bf4 37. Rxg3 Bxg3 $15 {[%emt 0:00:01] KB-KB} 38. e6 fxe6 39. Be2 {[%emt 0:00:02] [#]} b4 40. cxb4 $11 axb4 41. axb4 Kf7 (41... h3 {keeps more tension.} 42. b5 h2 43. Kg2 Kf7) 42. b5 Kxf6 {[%emt 0:00:01] ...g5 would be deadly.} (42... h3 {is more complex.} 43. Bg4 h2 44. Kg2 Be5) 43. Kg2 Bc7 44. Bg4 Ke5 45. Kf3 g5 46. Bh3 Kd5 47. Bg4 e5 48. Bf5 Kd4 49. b3 $1 Bb6 {[%emt 0:00:03] aiming for ...Bc7.} 50. Bg6 Bc7 {[%emt 0:00:05] ( -> ...h3)} 51. Bf5 Ba5 {[%emt 0:00:03] White must now prevent ...Bc7.} 52. Bg6 Bd8 53. Bf5 $2 {[%emt 0:00:02][%mdl 8192] [#] Now White is beyond hope.} (53. Bb1 $11) 53... Bc7 $1 $19 54. Bg6 {[%emt 0:00:04] [#]} h3 $1 {[%emt 0:00:01] Black mates.} 55. Kg3 {[%emt 0:00:01] [#]} g4 $1 56. b6 Bb8 ({Inferior is} 56... Bxb6 57. Bh5 $11) 57. Bf5 e4+ 58. Kf2 g3+ 59. Ke2 g2 60. Bxh3 g1=Q {[%emt 0:00:01] Weighted Error Value: White=0.36/Black=0.07 (flawless)} 0-1

[Event "CCT Airthings Masters Play-In 2023"]
[Site "Online"]
[Date "2023.02.03"]
[Round "4"]
[White "temiksmozg"]
[Black "starworld123"]
[Result "1-0"]
[ECO "B51"]
[WhiteElo "2251"]
[BlackElo "2456"]
[Annotator "NA"]
[PlyCount "89"]
[EventDate "2023.02.03"]
[EventType "swiss"]
[EventCountry "NET"]
[SourceTitle "playchess.com"]
[Source "ChessBase"]
[SourceQuality "1"]
[TimeControl "600+2"]

1. e4 c5 2. Nf3 d6 3. Bb5+ Nd7 4. a4 Ngf6 5. Qe2 a6 6. Bc4 e6 7. O-O Be7 8. Nc3 b6 9. d4 cxd4 10. Nxd4 O-O 11. Nc6 Qe8 12. Nxe7+ Qxe7 13. Bg5 h6 14. Bh4 Bb7 15. Rad1 Rfd8 16. Ba2 Rac8 17. Kh1 Ne5 18. f4 Ng6 19. Bxf6 Qxf6 20. f5 Ne5 21. fxe6 Qh4 22. exf7+ Kf8 23. Nd5 Bxd5 24. Bxd5 Ng4 25. g3 Qh3 26. Be6 Nf2+ 27. Rxf2 Qxe6 28. Rd4 Qe5 29. c3 a5 30. Qd3 Rc7 31. Kg2 Rxf7 32. Rxf7+ Kxf7 33. Qc4+ Qe6 34. Qxe6+ Kxe6 35. Rd5 Rc8 36. Kf3 Rc4 37. Rd4 Rc5 38. Ke3 b5 39. Kd3 g6 40. Rd5 Rxd5+ 41. exd5+ Kxd5 42. axb5 Kc5 43. c4 d5 44. b3 g5 45. g4 1-0

[Event "CCT Airthings Masters Play-In 2023"]
[Site "Online"]
[Date "2023.02.03"]
[Round "4"]
[White "DJ_Haubi"]
[Black "GroovyKettle"]
[Result "0-1"]
[ECO "A07"]
[WhiteElo "2248"]
[BlackElo "2447"]
[Annotator "TA"]
[PlyCount "52"]
[EventDate "2023.02.03"]
[EventType "swiss"]
[EventCountry "NET"]
[SourceTitle "playchess.com"]
[Source "ChessBase"]
[SourceQuality "1"]
[TimeControl "600+2"]

1. Nf3 d5 2. g3 c6 3. Bg2 Bf5 4. d3 e6 5. O-O Nd7 6. Nbd2 {[%emt 0:00:07] A07: Réti Opening: New York and Capablanca Systems.} h6 7. a3 Ngf6 8. c4 {[%emt 0:00:05] The position is equal.} Be7 9. b4 a5 10. Rb1 axb4 11. axb4 O-O 12. Bb2 Bh7 (12... Bxb4 $2 13. Bxf6 Qxf6 14. Rxb4 $18) 13. Qb3 {[%emt 0:00:40] [#]} Bd6 $146 ({Predecessor:} 13... Qc7 14. Ra1 Rfb8 15. h3 Qd8 16. Ne5 Nxe5 17. Bxe5 Rc8 18. Rxa8 Rxa8 19. Ra1 Nd7 20. Rxa8 Qxa8 {0-1 Striebich,R (2191)-Malich,B (2371) GER-chT Seniors 14th 2005 (2)}) 14. Rfe1 e5 15. e4 d4 16. Bxd4 exd4 17. e5 Bc7 {[%emt 0:00:45] ...Ng4 is the strong threat.} 18. exf6 Nxf6 19. c5 Bf5 20. Nc4 Re8 21. Rxe8+ Nxe8 22. b5 cxb5 23. Nce5 (23. Na3 $11) 23... Qf6 $1 $15 24. Re1 {[%emt 0:00:13] [#]} ({Better is} 24. c6 $15 Bxe5 25. cxb7) 24... Bxe5 $1 $19 25. Nxe5 $2 (25. Rxe5 Ra1+ 26. Re1 Rxe1+ 27. Nxe1) 25... Qxe5 {[%emt 0:00:24][%mdl 64] Double Attack} 26. Rc1 {[%emt 0:02:19] [#]} (26. Rxe5 {gets mated.} Ra1+) (26. Qb4 Qb8 27. Qxb5) 26... Qxc5 $3 {[%emt 0:00:20][%mdl 512] A superb game by GroovyKettle.   Weighted Error Value: White=0.58/Black=0.09 (flawless)} 0-1

[Event "CCT Airthings Masters Play-In 2023"]
[Site "Online"]
[Date "2023.02.03"]
[Round "4"]
[White "Byniolus"]
[Black "penguingm1"]
[Result "1-0"]
[ECO "D02"]
[WhiteElo "2220"]
[BlackElo "2419"]
[Annotator "TA"]
[PlyCount "75"]
[EventDate "2023.02.03"]
[EventType "swiss"]
[EventCountry "NET"]
[SourceTitle "playchess.com"]
[Source "ChessBase"]
[SourceQuality "1"]
[TimeControl "600+2"]

1. d4 d5 2. Bf4 Nf6 3. e3 e6 4. Nd2 c5 5. c3 Nc6 6. Ngf3 Nh5 {[%emt 0:00:01] 6...cxd4 is becoming the main line.} 7. Be5 {[%emt 0:00:02] D02: 1 d4 d5 2 Nf3 sidelines, including 2...Nf6 3 g3 and 2...Nf6 3 Bf4.} f6 8. Bg3 g6 9. Bh4 {[%emt 0:00:01] [#] The position is equal.} Be7 $146 ({Predecessor:} 9... cxd4 10. Nxd4 Nxd4 11. exd4 Bd6 12. Be2 Nf4 13. O-O O-O 14. Re1 Bd7 15. Bf1 Rf7 {1-0 Xiong,J (2686)-Najer,E (2659) Titled Tuesday intern op 15 Mar Late blitz 2022 (2)}) 10. Be2 cxd4 11. cxd4 O-O 12. O-O Ng7 13. Qb3 Nf5 (13... g5 $5 14. Bg3 $8 Nf5 $11) 14. Bg3 g5 15. Bd3 h5 (15... Nxg3 $15 {might be stronger.} 16. hxg3 Bd7) 16. Bxf5 $1 $11 exf5 17. h3 {[%emt 0:00:01] [#]} f4 18. exf4 $16 g4 $1 19. hxg4 hxg4 {[%emt 0:00:01] [#]} 20. Nh4 Kg7 {[%emt 0:01:26] [#]} (20... f5 $16 21. Ng6 Rf7) 21. f5 $1 $18 {[%emt 0:01:10] And now Qd1 would win.} Qb6 (21... Nxd4 $2 22. Qd1 Ne6 23. Qxg4+ Ng5 24. f4 $18) 22. Qxd5 (22. Qc2 $18 {has better winning chances.}) 22... Qxd4 $16 23. Qxd4 Nxd4 24. Rfe1 $1 (24. Ng6 Ne2+ 25. Kh2 Rd8 $17) 24... Kf7 25. Rac1 {[%emt 0:00:14] Strongly threatening Rc7.} Nc6 (25... Rd8 $142) 26. Nc4 $36 {[%emt 0:00:33][%mdl 2048] White has strong initiative. White is much more active. The black rooks are badly placed.} Rd8 27. Ne3 Rd4 28. Red1 Bd7 29. Rxd4 Nxd4 30. Rc7 (30. Nxg4 $2 {loses.} Ne2+ 31. Kh2 Nxc1 $19) 30... Bc6 (30... Ke8 {is a better chance.} 31. Rxb7 Bc8) 31. Bd6 {[%emt 0:00:06] White is clearly winning.} (31. Nxg4 Nb5 $11) 31... Re8 32. Ng6 {[%emt 0:00:01] Wards off Nb5} Nb5 33. Rxe7+ Rxe7 34. Bxe7 Be4 35. Bb4 ({Weaker is} 35. Nxg4 Bxf5 36. Nh6+ (36. Nxf6 Bxg6 37. Bd8 Bb1 $16) 36... Kxg6 $16) 35... b6 36. Nh4 ({Not} 36. Nxg4 Bxf5 37. N4e5+ (37. Nh8+ Kg7 $16) 37... fxe5 $18) 36... a5 37. Bc3 a4 38. a3 {[%emt 0:00:01] Weighted Error Value: White=0.07 (flawless) /Black=0.33} 1-0

[Event "CCT Airthings Masters Play-In 2023"]
[Site "Online"]
[Date "2023.02.03"]
[Round "4"]
[White "Ginger_GM"]
[Black "attack2mateU"]
[Result "1-0"]
[ECO "D00"]
[WhiteElo "2194"]
[BlackElo "2569"]
[Annotator "TA"]
[PlyCount "75"]
[EventDate "2023.02.03"]
[EventType "swiss"]
[EventCountry "NET"]
[SourceTitle "playchess.com"]
[Source "ChessBase"]
[SourceQuality "1"]
[TimeControl "600+2"]

1. d4 d5 2. Nc3 Nf6 3. Bf4 c5 4. e3 a6 5. dxc5 Qa5 6. Nf3 {[%emt 0:00:38] D00: 1 d4 d5: Unusual lines.} Qxc5 7. Be2 {[%emt 0:00:58] [#]} g6 $146 ({Predecessor:} 7... Nc6 8. O-O g6 9. Bc7 b5 10. Ne5 Na7 11. Ba5 b4 12. Bxb4 Qxb4 13. Nxd5 Qd6 {½-½ Bortnyk,O (2604)-Suleymanli,A (2537) Titled Tuesday intern op 17th May Late blitz 2022 (7)}) 8. O-O {[%emt 0:00:03] White is slightly better.} Bg7 9. Na4 Qa5 10. c4 $1 dxc4 11. Bxc4 {[%emt 0:00:15] [#] Qb3 is the strong threat.} (11. Ne5 {feels hotter.} b5 12. Bf3 Ra7 13. Qd4) 11... O-O (11... Bd7 $1 $11 {keeps the balance.} 12. Nc3 Nc6) 12. Nc3 ({White should try} 12. b4 $16 Qxb4 13. Bxf7+ Rxf7 14. Rb1) 12... Nc6 $11 13. a4 (13. h3 $11) 13... Nh5 $15 14. Qb3 Nxf4 15. exf4 Qb4 (15... Bg4 $15) 16. Rfe1 (16. Qxb4 $11 Nxb4 17. Rae1) 16... Qd6 (16... Qxb3 $15 17. Bxb3 Bf5) 17. Rad1 $1 $11 Qb8 (17... Qxf4 18. Nd5 Qb8 19. Nb6 $16 (19. Nxe7+ Kh8 $16)) (17... Qc5 $1 $11) 18. Nd5 $16 {[%emt 0:00:19] White is much more active. The black rooks are badly placed.} e6 {[%emt 0:00:16] White leaves nothing to chance now.} (18... Bg4 $14) 19. Nb6 $36 {[%emt 0:00:03][%mdl 2048] White is really pushing. A dynamic duo of knights.} Na5 {[%emt 0:00:15] Black is weak on the light squares} (19... Ra7 {might work better.}) 20. Qb4 Nc6 21. Qc5 Qa7 22. b4 Bc3 {[%emt 0:00:10] [#]} 23. Rb1 Bxe1 24. Rxe1 Rb8 $2 (24... e5 25. Nxa8 (25. Nxe5 Be6 $18) 25... Qxa8 26. fxe5 (26. Nxe5 Nxe5 27. Rxe5 Bd7 $18) 26... Nd8) 25. a5 {[%emt 0:00:12][%cal Of4f5] Black must now prevent f5!} Rd8 (25... e5 $142 26. Nxe5 Be6 27. Bxe6 (27. Nxc6 bxc6 28. Bxe6 Rfe8 $16 {[%mdl 64] Pin}) 27... fxe6 28. Nxg6 {[%mdl 64] Discovered Attack} (28. Nxc6 bxc6 29. g3 Rfe8 $16) 28... Rf6) 26. Qg5 Kg7 27. h4 {[%emt 0:00:17] And now h5 would win.} (27. Ne5 f6 28. Qh4 (28. Nxc6 bxc6 29. Qc5 Qc7 $11) 28... fxe5 $16) 27... h6 28. Qc5 Bd7 29. h5 gxh5 30. Qxh5 Be8 31. Qg4+ (31. f5 $142 f6 32. Qg4+ Kh8 33. Bxe6 Ne7 34. Bc4 h5 35. Qg3 Bf7 36. Bxf7) 31... Kh7 32. Qh4 (32. Ng5+ $142 hxg5 33. Qxg5 Rd1 34. Rxd1 Rd8 35. Rxd8 Nxd8 36. Qxd8 Bc6 37. Qf8) 32... Kg7 33. Re3 {[%emt 0:00:02][%cal Of3g5] Threatening mate with Ng5!} Rd1+ 34. Kh2 {[%emt 0:00:01][%cal Of3g5] White threatens Ng5! and mate.} Rbd8 35. Ne5 {[%emt 0:00:03] White mates.} Nxe5 36. fxe5 Bb5 37. Rg3+ Kh7 38. Qf6 {[%emt 0:00:03] Weighted Error Value: White=0.15 (very precise) /Black=0.74} 1-0